Workbook
Name ___nit1: #REF!
Name ___nit1: #REF!
Name __nit1: #REF!
Name __nit1: #REF!
Name _nit1: #REF!
Name _nit1: #REF!
Name A_2018: [1]Comprobacion!#REF!
Name A_impresión_IM: #REF!
Name A_impresión_IM: #REF!
Name aaa: MATCH(0.01,'Evaluacion Riesgo SARL'!End_Bal,-1)+1
Name aaa: MATCH(0.01,End_Bal,-1)+1
Name agencias: [2]Listas!$U$2:$U$10
Name avvillas: #REF!
Name avvillas: #REF!
Name BANCOS: [3]BANCOS!$A$2:$A$25
Name BASE_DATOS_ESTUDIO_CRED: #REF!
Name Beg_Bal: #REF!
Name Beg_Bal: #REF!
Name cartera: #REF!
Name cartera: #REF!
Name clientes: #REF!
Name clientes: #REF!
Name contador1: 5
Name contador2: 5
Name Data: #REF!
Name Data: #REF!
Name depositos: #REF!
Name depositos: #REF!
Name DINERS: #REF!
Name DINERS: #REF!
Name End_Bal: #REF!
Name End_Bal: #REF!
Name Extra_Pay: #REF!
Name Extra_Pay: #REF!
Name FECHA: #REF!
Name FECHA: #REF!
Name Full_Print: #REF!
Name Full_Print: #REF!
Name Header_Row: ROW(#REF!)
Name Header_Row: ROW(#REF!)
Name Int: #REF!
Name Int: #REF!
Name Interest_Rate: #REF!
Name Interest_Rate: #REF!
Name ITEM: #REF!
Name ITEM: #REF!
Name Last_Row: #N/A
Name Last_Row: IF([4]COOADAMS!Values_Entered,Header_Row+[4]COOADAMS!Number_of_Payments,Header_Row)
Name Lista: {1,2,3,4;5,6,7,8;9,10,11,12;13,14,15,16}
Name Loan_Amount: #REF!
Name Loan_Amount: #REF!
Name Loan_Start: #REF!
Name Loan_Start: #REF!
Name Loan_Years: #REF!
Name Loan_Years: #REF!
Name MONITOR: #REF!
Name MONITOR: #REF!
Name MONITOR_AVVILLAS: #REF!
Name MONITOR_AVVILLAS: #REF!
Name Net_Income: #REF!

Sheet Evaluacion Riesgo SARL
A1: Nº | B1: RIESGO ASOCIADO | C1: Descripción del riesgo | D1: Riesgo Asociado | E1: Calificación Preliminar de Probabilidad | F1: Calificación Preliminar de Impacto | G1: Evaluación Preliminar de Riesgo | H1: Evaluación Preliminar de Riesgo | I1: Controles existentes | J1: ¿Disminuye el nivel de probabilidad del riesgo? | K1: ¿Disminuye el nivel de impacto del riesgo? | L1: Valoración Probabilidad | M1: Valoración Impacto | N1: Valoración Final del riesgo | O1: Nivel de Riesgo | P1: Opciones manejo
A3: 1 | B3: M | C3: Incremento de las tasas de interés del mercado origina un retiro de principales ahorradores buscando mejor rentabilidad | E3: 3 | F3: 5 | G3: =IF(ISERROR(IF(AND(E3=2,F3=5),Tabla_01!$G$5,IF(AND(E3=1,F3=20),Tabla_01!$G$8,VLOOKUP(E3*F3/60,Tabla_01!$D$3:$H$11,4,FALSE)))),"",IF(AND(E3=2,F3=5),Tabla_01!$G$5,IF(AND(E3=1,F3=20),Tabla_01!$G$8,VLOOKUP(E3*F3/60,Tabla_01!$D$3:$H$11,4,FALSE)))) -> Moderado 1 | H3: =IF(ISERROR(VLOOKUP(E3*F3/60,Tabla_01!$D$3:$H$11,2,FALSE)),"",VLOOKUP(E3*F3/60,Tabla_01!$D$3:$H$11,2,FALSE)) -> Moderado | I3: La entidad no maneja productos sensibles a la tasa de interés como CDAT ni se apalanca con obligaciones financieras y su nivel de concentración de ahorros es bajo. Las tasas de interés del fondo son mayores a las tasas del mercado | J3: si | K3: si | L3: =IF(G3="","",IF(E3=1,1,IF(J3="si",E3-1,E3))) -> 2 | M3: =IF(G3="","",IF(F3=5,5,IF(K3="si",F3/2,F3))) -> 5 | N3: =IF(ISERROR(IF(AND(L3=2,M3=5),Tabla_01!$G$5,IF(AND(L3=1,M3=20),Tabla_01!$G$8,VLOOKUP(L3*M3/60,Tabla_01!$D$3:$H$11,4,FALSE)))),"",IF(AND(L3=2,M3=5),Tabla_01!$G$5,IF(AND(L3=1,M3=20),Tabla_01!$G$8,VLOOKUP(L3*M3/60,Tabla_01!$D$3:$H$11,4,FALSE)))) -> Tolerable 2 | O3: =IF(ISERROR(VLOOKUP(L3*M3/60,Tabla_01!$D$3:$H$11,2,FALSE)),"",VLOOKUP(L3*M3/60,Tabla_01!$D$3:$H$11,2,FALSE)) -> Leve | P3: No requiere
A4: =+A3+1 -> 2 | B4: O | C4: Demandas por responsabilidad CIVIL en actividades con asociados | E4: 2 | F4: 10 | G4: =IF(ISERROR(IF(AND(E4=2,F4=5),Tabla_01!$G$5,IF(AND(E4=1,F4=20),Tabla_01!$G$8,VLOOKUP(E4*F4/60,Tabla_01!$D$3:$H$11,4,FALSE)))),"",IF(AND(E4=2,F4=5),Tabla_01!$G$5,IF(AND(E4=1,F4=20),Tabla_01!$G$8,VLOOKUP(E4*F4/60,Tabla_01!$D$3:$H$11,4,FALSE)))) -> Moderado 2 | H4: =IF(ISERROR(VLOOKUP(E4*F4/60,Tabla_01!$D$3:$H$11,2,FALSE)),"",VLOOKUP(E4*F4/60,Tabla_01!$D$3:$H$11,2,FALSE)) -> Moderado | I4: Se contrata con cajas de compensacion o empresas turisticas reconocidas y además se contrata políza para los asistentes | J4: si | K4: si | L4: =IF(G4="","",IF(E4=1,1,IF(J4="si",E4-1,E4))) -> 1 | M4: =IF(G4="","",IF(F4=5,5,IF(K4="si",F4/2,F4))) -> 5 | N4: =IF(ISERROR(IF(AND(L4=2,M4=5),Tabla_01!$G$5,IF(AND(L4=1,M4=20),Tabla_01!$G$8,VLOOKUP(L4*M4/60,Tabla_01!$D$3:$H$11,4,FALSE)))),"",IF(AND(L4=2,M4=5),Tabla_01!$G$5,IF(AND(L4=1,M4=20),Tabla_01!$G$8,VLOOKUP(L4*M4/60,Tabla_01!$D$3:$H$11,4,FALSE)))) -> Aceptable | O4: =IF(ISERROR(VLOOKUP(L4*M4/60,Tabla_01!$D$3:$H$11,2,FALSE)),"",VLOOKUP(L4*M4/60,Tabla_01!$D$3:$H$11,2,FALSE)) -> Leve | P4: No se requiere
A5: =+A4+1 -> 3 | B5: O | C5: Negociaciones sin contratos bien estructurados, perdida, destrucción, o sustracción de titulos valores | E5: 1 | F5: 20 | G5: =IF(ISERROR(IF(AND(E5=2,F5=5),Tabla_01!$G$5,IF(AND(E5=1,F5=20),Tabla_01!$G$8,VLOOKUP(E5*F5/60,Tabla_01!$D$3:$H$11,4,FALSE)))),"",IF(AND(E5=2,F5=5),Tabla_01!$G$5,IF(AND(E5=1,F5=20),Tabla_01!$G$8,VLOOKUP(E5*F5/60,Tabla_01!$D$3:$H$11,4,FALSE)))) -> Moderado 3 | H5: =IF(ISERROR(VLOOKUP(E5*F5/60,Tabla_01!$D$3:$H$11,2,FALSE)),"",VLOOKUP(E5*F5/60,Tabla_01!$D$3:$H$11,2,FALSE)) -> Moderado | I5: Pagares y garantías están en la oficina con baja seguridad fisica y acceso restringido al personal de archivo / El texto de los pagarés se revisó con abogados especializados | J5: si | K5: no | L5: =IF(G5="","",IF(E5=1,1,IF(J5="si",E5-1,E5))) -> 1 | M5: =IF(G5="","",IF(F5=5,5,IF(K5="si",F5/2,F5))) -> 20 | N5: =IF(ISERROR(IF(AND(L5=2,M5=5),Tabla_01!$G$5,IF(AND(L5=1,M5=20),Tabla_01!$G$8,VLOOKUP(L5*M5/60,Tabla_01!$D$3:$H$11,4,FALSE)))),"",IF(AND(L5=2,M5=5),Tabla_01!$G$5,IF(AND(L5=1,M5=20),Tabla_01!$G$8,VLOOKUP(L5*M5/60,Tabla_01!$D$3:$H$11,4,FALSE)))) -> Moderado 3 | O5: =IF(ISERROR(VLOOKUP(L5*M5/60,Tabla_01!$D$3:$H$11,2,FALSE)),"",VLOOKUP(L5*M5/60,Tabla_01!$D$3:$H$11,2,FALSE)) -> Moderado | P5: Evaluar viabilidad de: pagarés desmaterializados para créditos grandes o diglitalización de los pagarés / custodia de documentación de manera externa por empresa especializada / Pagarés firmados con VOZ
A6: =+A5+1 -> 4 | B6: O | C6: Pánico Financiero por comentarios de asociados o terceros infundados en medios de comunicación o redes sociales | E6: 1 | F6: 20 | G6: =IF(ISERROR(IF(AND(E6=2,F6=5),Tabla_01!$G$5,IF(AND(E6=1,F6=20),Tabla_01!$G$8,VLOOKUP(E6*F6/60,Tabla_01!$D$3:$H$11,4,FALSE)))),"",IF(AND(E6=2,F6=5),Tabla_01!$G$5,IF(AND(E6=1,F6=20),Tabla_01!$G$8,VLOOKUP(E6*F6/60,Tabla_01!$D$3:$H$11,4,FALSE)))) -> Moderado 3 | H6: =IF(ISERROR(VLOOKUP(E6*F6/60,Tabla_01!$D$3:$H$11,2,FALSE)),"",VLOOKUP(E6*F6/60,Tabla_01!$D$3:$H$11,2,FALSE)) -> Moderado | I6: Comunicación con asociados a través de pagina WEB, mailing, Carteleras, SMS, Visitas y reuniones en los lugares de trabajo de los asociados / Cupos de crédito Bancario pre aprobados | J6: si | K6: si | L6: =IF(G6="","",IF(E6=1,1,IF(J6="si",E6-1,E6))) -> 1 | M6: =IF(G6="","",IF(F6=5,5,IF(K6="si",F6/2,F6))) -> 10 | N6: =IF(ISERROR(IF(AND(L6=2,M6=5),Tabla_01!$G$5,IF(AND(L6=1,M6=20),Tabla_01!$G$8,VLOOKUP(L6*M6/60,Tabla_01!$D$3:$H$11,4,FALSE)))),"",IF(AND(L6=2,M6=5),Tabla_01!$G$5,IF(AND(L6=1,M6=20),Tabla_01!$G$8,VLOOKUP(L6*M6/60,Tabla_01!$D$3:$H$11,4,FALSE)))) -> Tolerable 1 | O6: =IF(ISERROR(VLOOKUP(L6*M6/60,Tabla_01!$D$3:$H$11,2,FALSE)),"",VLOOKUP(L6*M6/60,Tabla_01!$D$3:$H$11,2,FALSE)) -> Leve | P6: No se requiere
A7: =+A6+1 -> 5 | B7: O | C7: Estafas, dolos o graves pérdidas por extralimitación de atribuciones para negociación de inversion, inversiones de capital o bienes inmuebles / captación | E7: 1 | F7: 10 | G7: =IF(ISERROR(IF(AND(E7=2,F7=5),Tabla_01!$G$5,IF(AND(E7=1,F7=20),Tabla_01!$G$8,VLOOKUP(E7*F7/60,Tabla_01!$D$3:$H$11,4,FALSE)))),"",IF(AND(E7=2,F7=5),Tabla_01!$G$5,IF(AND(E7=1,F7=20),Tabla_01!$G$8,VLOOKUP(E7*F7/60,Tabla_01!$D$3:$H$11,4,FALSE)))) -> Tolerable 1 | H7: =IF(ISERROR(VLOOKUP(E7*F7/60,Tabla_01!$D$3:$H$11,2,FALSE)),"",VLOOKUP(E7*F7/60,Tabla_01!$D$3:$H$11,2,FALSE)) -> Leve | I7: Inversiones solo en renta fija de bajo riesgo emisor y mercado, baja volatilidad y alta liquidez / Límites de concentración de operaciones en reglamentos de servicios / Atribuciones limitadas de Gerencia / Pólizas de Manejo / Una persona aprueba y otra firma (existen 2 de cada una) para disponer de los recursos | J7: si | K7: si | L7: =IF(G7="","",IF(E7=1,1,IF(J7="si",E7-1,E7))) -> 1 | M7: =IF(G7="","",IF(F7=5,5,IF(K7="si",F7/2,F7))) -> 5 | N7: =IF(ISERROR(IF(AND(L7=2,M7=5),Tabla_01!$G$5,IF(AND(L7=1,M7=20),Tabla_01!$G$8,VLOOKUP(L7*M7/60,Tabla_01!$D$3:$H$11,4,FALSE)))),"",IF(AND(L7=2,M7=5),Tabla_01!$G$5,IF(AND(L7=1,M7=20),Tabla_01!$G$8,VLOOKUP(L7*M7/60,Tabla_01!$D$3:$H$11,4,FALSE)))) -> Aceptable | O7: =IF(ISERROR(VLOOKUP(L7*M7/60,Tabla_01!$D$3:$H$11,2,FALSE)),"",VLOOKUP(L7*M7/60,Tabla_01!$D$3:$H$11,2,FALSE)) -> Leve | P7: Evaluar la posibilidad de establecer un límite estatutario a la Junta Directiva para inversiones de capital, especulativas o en bienes inmuebles por valor superior al del capital institucional / Caja fuerte para custodia de chequeras y titulos valores / Arqueo de cheques periodicos
A8: =+A7+1 -> 6 | B8: C | C8: Incumplimientos de los deudores patronales | E8: 1 | F8: 20 | G8: =IF(ISERROR(IF(AND(E8=2,F8=5),Tabla_01!$G$5,IF(AND(E8=1,F8=20),Tabla_01!$G$8,VLOOKUP(E8*F8/60,Tabla_01!$D$3:$H$11,4,FALSE)))),"",IF(AND(E8=2,F8=5),Tabla_01!$G$5,IF(AND(E8=1,F8=20),Tabla_01!$G$8,VLOOKUP(E8*F8/60,Tabla_01!$D$3:$H$11,4,FALSE)))) -> Moderado 3 | H8: =IF(ISERROR(VLOOKUP(E8*F8/60,Tabla_01!$D$3:$H$11,2,FALSE)),"",VLOOKUP(E8*F8/60,Tabla_01!$D$3:$H$11,2,FALSE)) -> Moderado | I8: Las empresas patronales tradicionalmente pagan de manera oportuna / La entidad tiene activos liquidos netos y cupos de crédito bancario >10% del activo | J8: si | K8: si | L8: =IF(G8="","",IF(E8=1,1,IF(J8="si",E8-1,E8))) -> 1 | M8: =IF(G8="","",IF(F8=5,5,IF(K8="si",F8/2,F8))) -> 10 | N8: =IF(ISERROR(IF(AND(L8=2,M8=5),Tabla_01!$G$5,IF(AND(L8=1,M8=20),Tabla_01!$G$8,VLOOKUP(L8*M8/60,Tabla_01!$D$3:$H$11,4,FALSE)))),"",IF(AND(L8=2,M8=5),Tabla_01!$G$5,IF(AND(L8=1,M8=20),Tabla_01!$G$8,VLOOKUP(L8*M8/60,Tabla_01!$D$3:$H$11,4,FALSE)))) -> Tolerable 1 | O8: =IF(ISERROR(VLOOKUP(L8*M8/60,Tabla_01!$D$3:$H$11,2,FALSE)),"",VLOOKUP(L8*M8/60,Tabla_01!$D$3:$H$11,2,FALSE)) -> Leve | P8: =+P6 -> No se requiere
A9: =+A8+1 -> 7 | B9: C | C9: Despidos masivos de asociados con descuento por libranza | E9: 3 | F9: 20 | G9: =IF(ISERROR(IF(AND(E9=2,F9=5),Tabla_01!$G$5,IF(AND(E9=1,F9=20),Tabla_01!$G$8,VLOOKUP(E9*F9/60,Tabla_01!$D$3:$H$11,4,FALSE)))),"",IF(AND(E9=2,F9=5),Tabla_01!$G$5,IF(AND(E9=1,F9=20),Tabla_01!$G$8,VLOOKUP(E9*F9/60,Tabla_01!$D$3:$H$11,4,FALSE)))) -> Inaceptable | H9: =IF(ISERROR(VLOOKUP(E9*F9/60,Tabla_01!$D$3:$H$11,2,FALSE)),"",VLOOKUP(E9*F9/60,Tabla_01!$D$3:$H$11,2,FALSE)) -> Grave | I9: Garantías adecuadas: liquidación final de prestaciones sociales, aportes y ahorros, póliza vida deudores, Hipotecas y Prendas, codeudores. | J9: si | K9: si | L9: =IF(G9="","",IF(E9=1,1,IF(J9="si",E9-1,E9))) -> 2 | M9: =IF(G9="","",IF(F9=5,5,IF(K9="si",F9/2,F9))) -> 10 | N9: =IF(ISERROR(IF(AND(L9=2,M9=5),Tabla_01!$G$5,IF(AND(L9=1,M9=20),Tabla_01!$G$8,VLOOKUP(L9*M9/60,Tabla_01!$D$3:$H$11,4,FALSE)))),"",IF(AND(L9=2,M9=5),Tabla_01!$G$5,IF(AND(L9=1,M9=20),Tabla_01!$G$8,VLOOKUP(L9*M9/60,Tabla_01!$D$3:$H$11,4,FALSE)))) -> Moderado 2 | O9: =IF(ISERROR(VLOOKUP(L9*M9/60,Tabla_01!$D$3:$H$11,2,FALSE)),"",VLOOKUP(L9*M9/60,Tabla_01!$D$3:$H$11,2,FALSE)) -> Moderado | P9: Evaluar viabilidad de implementar pignoracion de cesantias consignadas
A10: =+A9+1 -> 8 | B10: M | C10: Disminucion del valor del mercado de las inversiones | E10: 2 | F10: 20 | G10: =IF(ISERROR(IF(AND(E10=2,F10=5),Tabla_01!$G$5,IF(AND(E10=1,F10=20),Tabla_01!$G$8,VLOOKUP(E10*F10/60,Tabla_01!$D$3:$H$11,4,FALSE)))),"",IF(AND(E10=2,F10=5),Tabla_01!$G$5,IF(AND(E10=1,F10=20),Tabla_01!$G$8,VLOOKUP(E10*F10/60,Tabla_01!$D$3:$H$11,4,FALSE)))) -> Importante 2 | H10: =IF(ISERROR(VLOOKUP(E10*F10/60,Tabla_01!$D$3:$H$11,2,FALSE)),"",VLOOKUP(E10*F10/60,Tabla_01!$D$3:$H$11,2,FALSE)) -> Grave | I10: Limites, diversificación | J10: si | K10: si | L10: =IF(G10="","",IF(E10=1,1,IF(J10="si",E10-1,E10))) -> 1 | M10: =IF(G10="","",IF(F10=5,5,IF(K10="si",F10/2,F10))) -> 10 | N10: =IF(ISERROR(IF(AND(L10=2,M10=5),Tabla_01!$G$5,IF(AND(L10=1,M10=20),Tabla_01!$G$8,VLOOKUP(L10*M10/60,Tabla_01!$D$3:$H$11,4,FALSE)))),"",IF(AND(L10=2,M10=5),Tabla_01!$G$5,IF(AND(L10=1,M10=20),Tabla_01!$G$8,VLOOKUP(L10*M10/60,Tabla_01!$D$3:$H$11,4,FALSE)))) -> Tolerable 1 | O10: =IF(ISERROR(VLOOKUP(L10*M10/60,Tabla_01!$D$3:$H$11,2,FALSE)),"",VLOOKUP(L10*M10/60,Tabla_01!$D$3:$H$11,2,FALSE)) -> Leve | P10: Establecer limites a la concentración de inversiones de renta variable. Incrementar la participación de cartera
A11: =+A10+1 -> 9 | B11: O | C11: Bloqueo de cupos de crédito bancarios o suspensión por NO renovación | E11: 1 | F11: 5 | G11: =IF(ISERROR(IF(AND(E11=2,F11=5),Tabla_01!$G$5,IF(AND(E11=1,F11=20),Tabla_01!$G$8,VLOOKUP(E11*F11/60,Tabla_01!$D$3:$H$11,4,FALSE)))),"",IF(AND(E11=2,F11=5),Tabla_01!$G$5,IF(AND(E11=1,F11=20),Tabla_01!$G$8,VLOOKUP(E11*F11/60,Tabla_01!$D$3:$H$11,4,FALSE)))) -> Aceptable | H11: =IF(ISERROR(VLOOKUP(E11*F11/60,Tabla_01!$D$3:$H$11,2,FALSE)),"",VLOOKUP(E11*F11/60,Tabla_01!$D$3:$H$11,2,FALSE)) -> Leve | I11: Se tienen permanentes cupos bancarios renovados con Banco Popular | J11: si | K11: si | L11: =IF(G11="","",IF(E11=1,1,IF(J11="si",E11-1,E11))) -> 1 | M11: =IF(G11="","",IF(F11=5,5,IF(K11="si",F11/2,F11))) -> 5 | N11: =IF(ISERROR(IF(AND(L11=2,M11=5),Tabla_01!$G$5,IF(AND(L11=1,M11=20),Tabla_01!$G$8,VLOOKUP(L11*M11/60,Tabla_01!$D$3:$H$11,4,FALSE)))),"",IF(AND(L11=2,M11=5),Tabla_01!$G$5,IF(AND(L11=1,M11=20),Tabla_01!$G$8,VLOOKUP(L11*M11/60,Tabla_01!$D$3:$H$11,4,FALSE)))) -> Aceptable | O11: =IF(ISERROR(VLOOKUP(L11*M11/60,Tabla_01!$D$3:$H$11,2,FALSE)),"",VLOOKUP(L11*M11/60,Tabla_01!$D$3:$H$11,2,FALSE)) -> Leve | P11: No se requiere
A12: =+A11+1 -> 10 | B12: C | C12: Incremento excesivo de la demanda de crédito | E12: 2 | F12: 10 | G12: =IF(ISERROR(IF(AND(E12=2,F12=5),Tabla_01!$G$5,IF(AND(E12=1,F12=20),Tabla_01!$G$8,VLOOKUP(E12*F12/60,Tabla_01!$D$3:$H$11,4,FALSE)))),"",IF(AND(E12=2,F12=5),Tabla_01!$G$5,IF(AND(E12=1,F12=20),Tabla_01!$G$8,VLOOKUP(E12*F12/60,Tabla_01!$D$3:$H$11,4,FALSE)))) -> Moderado 2 | H12: =IF(ISERROR(VLOOKUP(E12*F12/60,Tabla_01!$D$3:$H$11,2,FALSE)),"",VLOOKUP(E12*F12/60,Tabla_01!$D$3:$H$11,2,FALSE)) -> Moderado | I12: Calculo mensual del GAP de liquidez para revisar y planear las necesidades de liquidez para el próximo trimestre / Operaciones REPO con garantia de las acciones de Argos / Cupos de crédito bancario con Banco popular como capital de Trabajo / Capital institucional superior al 20% del activo / Credito de Vivienda a 8 años con cuotas extras | J12: si | K12: si | L12: =IF(G12="","",IF(E12=1,1,IF(J12="si",E12-1,E12))) -> 1 | M12: =IF(G12="","",IF(F12=5,5,IF(K12="si",F12/2,F12))) -> 5 | N12: =IF(ISERROR(IF(AND(L12=2,M12=5),Tabla_01!$G$5,IF(AND(L12=1,M12=20),Tabla_01!$G$8,VLOOKUP(L12*M12/60,Tabla_01!$D$3:$H$11,4,FALSE)))),"",IF(AND(L12=2,M12=5),Tabla_01!$G$5,IF(AND(L12=1,M12=20),Tabla_01!$G$8,VLOOKUP(L12*M12/60,Tabla_01!$D$3:$H$11,4,FALSE)))) -> Aceptable | O12: =IF(ISERROR(VLOOKUP(L12*M12/60,Tabla_01!$D$3:$H$11,2,FALSE)),"",VLOOKUP(L12*M12/60,Tabla_01!$D$3:$H$11,2,FALSE)) -> Leve | P12: No se requiere
A13: =+A12+1 -> 11 | B13: O | C13: Excesiva concentración de los vencimientos contractuales (CDAT, contractual, obligaciones, proveedores, impuestos, laborales) | E13: 1 | F13: 10 | G13: =IF(ISERROR(IF(AND(E13=2,F13=5),Tabla_01!$G$5,IF(AND(E13=1,F13=20),Tabla_01!$G$8,VLOOKUP(E13*F13/60,Tabla_01!$D$3:$H$11,4,FALSE)))),"",IF(AND(E13=2,F13=5),Tabla_01!$G$5,IF(AND(E13=1,F13=20),Tabla_01!$G$8,VLOOKUP(E13*F13/60,Tabla_01!$D$3:$H$11,4,FALSE)))) -> Tolerable 1 | H13: =IF(ISERROR(VLOOKUP(E13*F13/60,Tabla_01!$D$3:$H$11,2,FALSE)),"",VLOOKUP(E13*F13/60,Tabla_01!$D$3:$H$11,2,FALSE)) -> Leve | I13: Se tiene ALN suficientes para atender retiros inesperados. La concentracion de ahorros es baja | J13: si | K13: si | L13: =IF(G13="","",IF(E13=1,1,IF(J13="si",E13-1,E13))) -> 1 | M13: =IF(G13="","",IF(F13=5,5,IF(K13="si",F13/2,F13))) -> 5 | N13: =IF(ISERROR(IF(AND(L13=2,M13=5),Tabla_01!$G$5,IF(AND(L13=1,M13=20),Tabla_01!$G$8,VLOOKUP(L13*M13/60,Tabla_01!$D$3:$H$11,4,FALSE)))),"",IF(AND(L13=2,M13=5),Tabla_01!$G$5,IF(AND(L13=1,M13=20),Tabla_01!$G$8,VLOOKUP(L13*M13/60,Tabla_01!$D$3:$H$11,4,FALSE)))) -> Aceptable | O13: =IF(ISERROR(VLOOKUP(L13*M13/60,Tabla_01!$D$3:$H$11,2,FALSE)),"",VLOOKUP(L13*M13/60,Tabla_01!$D$3:$H$11,2,FALSE)) -> Leve | P13: No se requiere
A14: =+A13+1 -> 12 | B14: O | C14: Fraude o ataque informatico | E14: 1 | F14: 20 | G14: =IF(ISERROR(IF(AND(E14=2,F14=5),Tabla_01!$G$5,IF(AND(E14=1,F14=20),Tabla_01!$G$8,VLOOKUP(E14*F14/60,Tabla_01!$D$3:$H$11,4,FALSE)))),"",IF(AND(E14=2,F14=5),Tabla_01!$G$5,IF(AND(E14=1,F14=20),Tabla_01!$G$8,VLOOKUP(E14*F14/60,Tabla_01!$D$3:$H$11,4,FALSE)))) -> Moderado 3 | H14: =IF(ISERROR(VLOOKUP(E14*F14/60,Tabla_01!$D$3:$H$11,2,FALSE)),"",VLOOKUP(E14*F14/60,Tabla_01!$D$3:$H$11,2,FALSE)) -> Moderado | I14: Software LINIX en la NUBE con seguridad informática y copias de seguridad automáticas redundantes / Acceso VPN / Seguridad informática para documentos y correos cobijados por políticas de ARGOS TECNOLOGIA / Direcciones electrónicas en correo corporativo ARGOS | J14: si | K14: no | L14: =IF(G14="","",IF(E14=1,1,IF(J14="si",E14-1,E14))) -> 1 | M14: =IF(G14="","",IF(F14=5,5,IF(K14="si",F14/2,F14))) -> 20 | N14: =IF(ISERROR(IF(AND(L14=2,M14=5),Tabla_01!$G$5,IF(AND(L14=1,M14=20),Tabla_01!$G$8,VLOOKUP(L14*M14/60,Tabla_01!$D$3:$H$11,4,FALSE)))),"",IF(AND(L14=2,M14=5),Tabla_01!$G$5,IF(AND(L14=1,M14=20),Tabla_01!$G$8,VLOOKUP(L14*M14/60,Tabla_01!$D$3:$H$11,4,FALSE)))) -> Moderado 3 | O14: =IF(ISERROR(VLOOKUP(L14*M14/60,Tabla_01!$D$3:$H$11,2,FALSE)),"",VLOOKUP(L14*M14/60,Tabla_01!$D$3:$H$11,2,FALSE)) -> Moderado | P14: Evaluar efectividad de las copias de respaldo y archivos de trabajo
A15: =+A14+1 -> 13 | B15: O | C15: Dificultad operativa para gestionar recursos financieros y operaciones ante ausencia de personal clave o fallas operativas de la entidad financiera | E15: 2 | F15: 10 | G15: =IF(ISERROR(IF(AND(E15=2,F15=5),Tabla_01!$G$5,IF(AND(E15=1,F15=20),Tabla_01!$G$8,VLOOKUP(E15*F15/60,Tabla_01!$D$3:$H$11,4,FALSE)))),"",IF(AND(E15=2,F15=5),Tabla_01!$G$5,IF(AND(E15=1,F15=20),Tabla_01!$G$8,VLOOKUP(E15*F15/60,Tabla_01!$D$3:$H$11,4,FALSE)))) -> Moderado 2 | H15: =IF(ISERROR(VLOOKUP(E15*F15/60,Tabla_01!$D$3:$H$11,2,FALSE)),"",VLOOKUP(E15*F15/60,Tabla_01!$D$3:$H$11,2,FALSE)) -> Moderado | I15: Se gestionan los recursos financieros a través de dos grupos financieros / Se tienen inversiones de deuda en varias entidades / Varias firmas para autorizaciones, traslados y cheques / Cada cargo tiene uno o más empleados en capacidad de ejercerlo ante la ausencia del titular | J15: no | K15: si | L15: =IF(G15="","",IF(E15=1,1,IF(J15="si",E15-1,E15))) -> 2 | M15: =IF(G15="","",IF(F15=5,5,IF(K15="si",F15/2,F15))) -> 5 | N15: =IF(ISERROR(IF(AND(L15=2,M15=5),Tabla_01!$G$5,IF(AND(L15=1,M15=20),Tabla_01!$G$8,VLOOKUP(L15*M15/60,Tabla_01!$D$3:$H$11,4,FALSE)))),"",IF(AND(L15=2,M15=5),Tabla_01!$G$5,IF(AND(L15=1,M15=20),Tabla_01!$G$8,VLOOKUP(L15*M15/60,Tabla_01!$D$3:$H$11,4,FALSE)))) -> Tolerable 2 | O15: =IF(ISERROR(VLOOKUP(L15*M15/60,Tabla_01!$D$3:$H$11,2,FALSE)),"",VLOOKUP(L15*M15/60,Tabla_01!$D$3:$H$11,2,FALSE)) -> Leve | P15: No se requiere

Sheet Tabla_01
A1: Combinaciones
A2: Probabilidad | B2: Impacto | C2: Producto | D2: Nivel de riesgo | E2: Valoración | G2: Tratamiento
A3: 1 | B3: 5 | C3: =A3*B3 -> 5 | D3: =C3/60 -> 0.083333333 | E3: Leve | G3: Aceptable | I3: Asumir el riesgo. Permite a la Entidad asumirlo, es decir, el riesgo se encuentra en un nivel que puede aceptarlo sin necesidad de tomar otras medidas de control diferentes a las que se poseen.
A4: 1 | B4: 10 | C4: =A4*B4 -> 10 | D4: =C4/60 -> 0.16666667 | E4: Leve | G4: Tolerable 1 | I4: Asumir o reducir el riesgo. se deben tomar medidas para llevar los Riesgos a la Zona Aceptable o Tolerable, en lo posible.
A5: 2 | B5: 5 | C5: =A5*B5 -> 10 | D5: =C5/60 -> 0.16666667 | E5: Leve | G5: Tolerable 2 | I5: Asumir o reducir el riesgo. se deben tomar medidas para llevar los Riesgos a la Zona Aceptable o Tolerable, en lo posible. Cuando la Probabilidad del riesgo es media y su Impacto leve, se debe realizar un análisis del costo beneficio con el que se pueda decidir entre reducir el riesgo, asumirlo o compartirlo.
A6: 3 | B6: 5 | C6: =A6*B6 -> 15 | D6: =C6/60 -> 0.25 | E6: Moderado | G6: Moderado 1 | I6: Evitar el riesgo, se deben tomar medidas para llevar los Riesgos a la Zona Aceptable o Tolerable, en lo posible. los Riesgos de Impacto leve y Probabilidad alta se previenen.
A7: 2 | B7: 10 | C7: =A7*B7 -> 20 | D7: =C7/60 -> 0.33333333 | E7: Moderado | G7: Moderado 2 | I7: Reducir, Evitar, Compartir o transferir el riesgo. se deben tomar medidas para llevar los Riesgos a la Zona Aceptable o Tolerable, en lo posible. también es viable combinar estas medidas con evitar el riesgo cuando éste presenta una Probabilidad alta y media, y el Impacto es moderado o grave. los Riesgos con Impacto moderado y Probabilidad media, se reduce o se comparte el riesgo, si es posible.
A8: 1 | B8: 20 | C8: =A8*B8 -> 20 | D8: =C8/60 -> 0.33333333 | E8: Moderado | G8: Moderado 3 | I8: Reducir, Compartir o transferir el riesgo. Cuando el riesgo tiene una Probabilidad baja e Impacto grave se debe tratar de compartir el riesgo y evitar la entidad en caso de que éste se presente. Siempre que el riesgo es calificado con Impacto grave la Entidad debe diseñar planes de contingencia, para protegerse en caso de su ocurrencia.
A9: 3 | B9: 10 | C9: =A9*B9 -> 30 | D9: =C9/60 -> 0.5 | E9: Grave | G9: Importante 1 | I9: Reducir, Evitar, Compartir o transferir el riesgo. se deben tomar medidas para llevar los Riesgos a la Zona Aceptable o Tolerable, en lo posible. También es viable combinar estas medidas con evitar el riesgo cuando éste presenta una Probabilidad alta y media, y el Impacto es moderado o grave.
A10: 2 | B10: 20 | C10: =A10*B10 -> 40 | D10: =C10/60 -> 0.66666667 | E10: Grave | G10: Importante 2 | I10: Reducir, Evitar, Compartir o transferir el riesgo. Se deben tomar medidas para llevar los Riesgos a la Zona Aceptable o Tolerable, en lo posible. También es viable combinar estas medidas con evitar el riesgo cuando éste presenta una Probabilidad alta y media, y el Impacto es moderado o grave. Siempre que el riesgo es calificado con Impacto grave la Entidad debe diseñar planes de contingencia, para protegerse en caso de su ocurrencia.
A11: 3 | B11: 20 | C11: =A11*B11 -> 60 | D11: =C11/60 -> 1 | E11: Grave | G11: Inaceptable | I11: Evitar, Reducir, Compartir o transferir el riesgo. Es aconsejable eliminar la actividad que genera el riesgo en la medida que sea posible, de lo contrario se deben implementar controles de prevención para evitar la Probabilidad del riesgo, de Protección para disminuir el Impacto o compartir o transferir el riesgo si es posible a través de pólizas de seguros u otras opciones que estén disponibles. Siempre que el riesgo sea calificado con Impacto grave la Entidad debe diseñar planes de contingencia, para protegerse en caso de su ocurrencia.
A14: Probabilidad | B14: Alta | C14: 3 | D14: =D$17*$C14 -> 15 | E14: =D14/60 -> 0.25 | F14: =F$17*$C14 -> 30 | G14: =F14/60 -> 0.5 | H14: =H17*C14 -> 60 | I14: =H14/60 -> 1
B15: Media | C15: 2 | D15: =D$17*$C15 -> 10 | E15: =D15/60 -> 0.16666667 | F15: =F$17*$C15 -> 20 | G15: =F15/60 -> 0.33333333 | H15: =H17*C15 -> 40 | I15: =H15/60 -> 0.66666667
B16: Baja | C16: 1 | D16: =D$17*$C16 -> 5 | E16: =D16/60 -> 0.083333333 | F16: =F$17*$C16 -> 10 | G16: =F16/60 -> 0.16666667 | H16: =H17*C16 -> 20 | I16: =H16/60 -> 0.33333333
B17: Valoración | D17: 5 | F17: 10 | H17: 20
D18: Leve | F18: Moderado | H18: Grave
D19: Impacto
